 Dungeon Crawl Stone Soup version 0.18.1-48-g4cf74bf (webtiles) character file.

569 Kisielow the Destroyer (level 7, -16/36 HPs)
             Began as a Deep Elf Conjurer on Aug 9, 2016.
             Demolished by an ogre
             ... wielding a +0 giant club
              (28 damage)
             ... on level 4 of the Dungeon.
             The game lasted 00:10:40 (4595 turns).

Kisielow the Destroyer (Deep Elf Conjurer)          Turns: 4595, Time: 00:10:40

Health: -16/36     AC:  2    Str:  5    XL:     7   Next: 11%
Magic:  8/13       EV: 13    Int: 22    God:
Gold:   127        SH:  0    Dex: 15    Spells: 3 memorised, 4 levels left

rFire  + . .     SeeInvis .     o - +0 whip
rCold  . . .     Gourm    .     m - +0 robe {rF+}
rNeg   . . .     Faith    .     (no shield)
rPois  .         Spirit   .     (no helmet)
rElec  .         Dismiss  .     (no cloak)
rCorr  .         Reflect  .     (no gloves)
SustAt .         Harm     .     (no boots)
MR     .....                    (no amulet)
Stlth  ++........               (no ring)
                                (no ring)

@: very slightly contaminated, not resistant to hostile enchantments, unstealthy
A: no striking features
a: no special abilities


You were on level 4 of the Dungeon.
You were not hungry.

You visited 1 branch of the dungeon, and saw 4 of its levels.

You collected 127 gold pieces.

Inventory:

Hand Weapons
 o - a +0 whip (weapon)
Armour
 m - a +0 robe of fire resistance (worn)
Jewellery
 a - an uncursed ring of resist corrosion {unknown}
Scrolls
 d - a scroll of magic mapping {unknown}
 e - 3 scrolls of identify {unknown}
 h - a scroll of noise {unknown}
 j - 2 scrolls of remove curse {unknown}
 k - 2 scrolls of teleportation {unknown}
 l - 2 scrolls of immolation {unknown}
 n - a scroll of amnesia {unknown}
 p - a scroll of recharging {unknown}
 q - a scroll of enchant armour {unknown}
 r - 2 scrolls of enchant weapon {unknown}
Potions
 f - a potion of heal wounds
Books
 b - a book of Conjurations

   Spells                             Type                      Level
   a - Magic Dart                     Conjuration                  1
   b - Searing Ray                    Conjuration                  2
   c - Dazzling Spray                 Conjuration/Hexes            3
   d - Fulminant Prism                Conjuration/Hexes            4
   e - Iskenderun's Mystic Blast      Conjuration                  4
   f - Iskenderun's Battlesphere      Conjuration/Charms           5
Comestibles
 c - 3 bread rations
 g - a chunk of flesh
 i - 5 fruits


   Skills:
 - Level 2.4 Dodging
 - Level 2.4 Stealth
 - Level 3.0 Spellcasting
 + Level 8.2 Conjurations
 + Level 6.0 Charms


You had 4 spell levels left.
You knew the following spells:

 Your Spells              Type           Power        Failure   Level  Hunger
a - Magic Dart            Conj           ####         1%          1    None
b - Searing Ray           Conj           #####.       1%          2    ##.....
q - Iskenderun's Battles  Conj/Chrm      ####....     21%         5    ######.


Dungeon Overview and Level Annotations

Branches:
Dungeon (4/15)
 Temple: D:4-7

Altars:
Cheibriados
Kikubaaqudgha
Pakellas

Shops:
D:4 %


Message History

A giant gecko comes into view.
Casting: Magic Dart
Confirm with . or Enter, or press ? or * to list all spells.
Aiming: Magic Dart
Press: ? - help, Shift-Dir - straight line, f - giant gecko
Aim: a giant gecko (resting)
The magic dart hits the giant gecko.
You kill the giant gecko!
An ogre comes into view. It is wielding a giant club.
The ogre shouts!
You see here a giant gecko corpse.
Casting: Magic Dart
Confirm with . or Enter, or press ? or * to list all spells.
You miscast Iskenderun's Battlesphere.
You are very lightly contaminated with residual magic.
Energy rips through your body!
Ouch! That really hurt!
The ogre hits you with a giant club!!
Ouch! That really hurt!
You die...

... .... #### .... ..#
..... #.##....
######..... ..
#...##..###...#
#......O.....# #
#...##.@####.#
#.##.###..####.##. .
#................. #..
####.########...## #.#
#.# ##.....## #.# ##.##
##.......## ##.#
##...####.........####...
#.......'.........'......
##.....##.........###....


You could see an ogre.

Vanquished Creatures
  Sigmund (D:4)
  A phantom (D:3)
  2 orc priests (D:4)
  An iguana (D:4)
  3 orc wizards (D:4)
  A worker ant (D:4)
  A howler monkey skeleton (D:3)
  7 adders
  A worm (D:2)
  A dart slug (D:3)
  2 giant geckos (D:4)
  7 orcs
  6 giant cockroaches
  7 hobgoblins
  2 jackals (D:1)
  2 quokkas
  2 ball pythons
  8 bats
  2 giant newts (D:2)
  9 goblins
  6 kobolds
  8 rats
80 creatures vanquished.

Notes
Turn   | Place    | Note
--------------------------------------------------------------
     0 | D:1      | Kisielow the Deep Elf Conjurer began the quest for the Orb.
     0 | D:1      | Reached XP level 1. HP: 10/10 MP: 6/6
   236 | D:1      | Reached XP level 2. HP: 15/15 MP: 1/8
   244 | D:1      | Learned a level 2 spell: Searing Ray
   376 | D:1      | Reached skill level 5 in Conjurations
   985 | D:2      | Reached XP level 3. HP: 19/19 MP: 7/9
  1474 | D:2      | Reached skill level 6 in Conjurations
  1728 | D:2      | Found an oddly glowing altar of Pakellas.
  1883 | D:2      | Found an ancient bone altar of Kikubaaqudgha.
  2085 | D:2      | Reached XP level 4. HP: 24/24 MP: 6/10
  2707 | D:3      | Found a snail-covered altar of Cheibriados.
  3155 | D:3      | Noticed a phantom
  3172 | D:3      | Killed a phantom
  3172 | D:3      | Reached skill level 7 in Conjurations
  3172 | D:3      | Reached XP level 5. HP: 18/28 MP: 0/11
  3269 | D:3      | Learned a level 5 spell: Iskenderun's Battlesphere
  3363 | D:4      | Found Vaffom's Food Emporium.
  3400 | D:4      | Reached skill level 1 in Charms
  3527 | D:4      | Reached XP level 6. HP: 9/32 MP: 4/12
  3798 | D:4      | Noticed Sigmund
  3810 | D:4      | Killed Sigmund
  3810 | D:4      | Reached skill level 8 in Conjurations
  4030 | D:4      | Reached skill level 5 in Charms
  4232 | D:4      | Reached XP level 7. HP: 32/36 MP: 4/13
  4595 | D:4      | Demolished by an ogre

Skill      XL: |  1  2  3  4  5  6  7 |
---------------+----------------------+-----
Conjurations   | 5 6 7 8 |  8.2
Charms         | 2 5 6 |  6.0
Dodging        | |  2.4
Stealth        | |  2.4
Spellcasting   | |  3.0

Action                   |  1- 3 |  4- 6 |  7- 9 || total
-------------------------+-------+-------+-------++-------
Melee: Whip              |       |     3 |       ||     3
 Cast: Magic Dart        |    83 |    67 |    10 ||   160
       Searing Ray       |     1 |     8 |     1 ||    10
       Iskenderun's Batt |       |     1 |       ||     1
  Use: Potion            |       |     2 |       ||     2
  Eat: Chunk             |     3 |     7 |     2 ||    12
Armor: Robe              |     1 |     2 |       ||     3
Dodge: Dodged            |     9 |    11 |     2 ||    22
